 Dungeon Crawl Stone Soup version 0.29.1-15-g9cfb28693d (webtiles) character file.

Game seed: 10081801542990510273

177 Kranky the Cleaver (level 5, -4/37 HPs)
             Began as a Gnoll Wanderer on Apr 25, 2023.
             Slain by a wyvern (6 damage)
             ... on level 4 of the Dungeon.
             The game lasted 00:09:27 (3851 turns).

Kranky the Cleaver (Gnoll Wanderer)                 Turns: 3851, Time: 00:09:27

Health: -4/37      AC:  9    Str: 16    XL:     5   Next: 57%
Magic:  14/14      EV: 21    Int: 11    God:
Gold:   74         SH:  3    Dex:  9    Spells: 17/18 levels left

rFire   . . .      SeeInvis .   v - +2 falchion (freeze)
rCold   . . .      Faith    .   k - +0 buckler
rNeg    . . .      Spirit   .   t - +0 chain mail
rPois   .          Reflect  .   s - +0 helmet
rElec   .          Harm     .   (no cloak)
rCorr   .          Rampage  .   (no gloves)
Will    .....                   (no boots)
Stlth   ..........              r - amulet of the acrobat
HPRegen 0.12/turn               (no ring)
MPRegen 0.14/turn               (no ring)

@: acrobatic
A: fangs 1, strong nose, distributed training
a: no special abilities


You were on level 4 of the Dungeon.
You visited 1 branch of the dungeon, and saw 4 of its levels.

You collected 74 gold pieces.

Inventory:

Hand Weapons
 a - a +0 war axe
 u - a +0 dagger of protection
 v - a +2 falchion of freezing (weapon)
 A - a +1 dagger of venom
Missiles
 o - a curare-tipped dart
 z - 5 poisoned darts
Armour
 d - a +0 leather armour
 g - a +0 ring mail
 k - a +0 buckler (worn)
 s - a +0 helmet (worn)
 t - a +0 chain mail (worn)
Jewellery
 r - an amulet of the acrobat (around neck)
Wands
 b - a wand of flame (12)
Scrolls
 e - 3 scrolls of teleportation {unknown}
 f - 4 scrolls of identify {unknown}
 h - a scroll of summoning {unknown}
 j - 2 scrolls of butterflies {unknown}
 m - a scroll of enchant weapon {unknown}
 w - 2 scrolls of fear {unknown}
 y - a scroll of vulnerability {unknown}
Potions
 c - a potion of heal wounds
 i - 2 potions of curing {unknown}
 l - a potion of cancellation {unknown}
 n - a potion of berserk rage {unknown}
 p - a potion of invisibility {unknown}
 q - a potion of attraction {unknown}
 x - a potion of haste {unknown}


   Skills:
 + Level 1.6 Fighting
 + Level 1.6 Short Blades
 + Level 1.6 Long Blades
 + Level 10.5 Axes
 + Level 1.6 Maces & Flails
 + Level 1.6 Polearms
 + Level 1.6 Staves
 + Level 1.6 Ranged Weapons
 + Level 1.6 Throwing
 + Level 1.6 Armour
 + Level 1.6 Dodging
 + Level 1.6 Stealth
 + Level 1.6 Shields
 + Level 1.6 Unarmed Combat
 + Level 7.3 Spellcasting
 + Level 1.3 Conjurations
 + Level 1.3 Hexes
 + Level 1.3 Summonings
 + Level 1.3 Necromancy
 + Level 1.3 Translocations
 + Level 1.3 Transmutations
 + Level 1.3 Fire Magic
 + Level 1.3 Ice Magic
 + Level 1.3 Air Magic
 + Level 1.3 Earth Magic
 + Level 1.3 Poison Magic
 + Level 1.8 Invocations
 + Level 4.8 Evocations


You had 17 spell levels left.
You knew the following spells:

 Your Spells              Type           Power      Damage    Failure   Level
a - Sting                 Tmut/Pois      24%        1d4       95%         1

Your spell library contained the following spells:

 Spells                   Type           Power      Damage    Failure   Level
 Ensorcelled Hibernation  Hex/Ice        12%        N/A       98%         2
 Passwall                 Tmut/Erth      5%         N/A       98%         2
 Gell's Gravitas          Tloc           6%         N/A       100%        3
 Spider Form              Tmut/Pois      6%         N/A       100%        3
 Swiftness                Air            6%         N/A       100%        3
 Teleport Other           Tloc           6%         N/A       100%        3
 Alistair's Intoxication  Tmut/Pois      4%         N/A       100%        5
 Borgnjor's Vile Clutch   Necr/Erth      3%         N/A       100%        5
 Dispersal                Tloc           3%         N/A       100%        6
 Eringya's Noxious Bog    Tmut/Pois      3%         N/A       100%        6


Dungeon Overview and Level Annotations

Branches:
Dungeon (4/15)
 Temple: D:4-7

Altars:

Shops:
D:2 [

Annotations:
D:3 Sigmund


Innate Abilities, Weirdness & Mutations

You have very sharp teeth.
Your uncanny sense of smell can sniff out nearby items.
Your experience applies equally to all skills.


Message History

You slash the adder! You freeze the adder.
You kill the adder!
You feel sick.
No target in view!
You start resting.
You feel sick.
You are no longer poisoned.
You start resting.
HP restored.
There is an open door, spattered with blood here.
You see here an adder corpse.
You pick up Great Wizards, Vol.
II and begin reading...
You add the spells Alistair's Intoxication, Borgnjor's Vile Clutch and Eringya's Noxious Bog to your library.
w - 2 scrolls labelled LIRYAN YSIRUR (gained 1)
You open the door.
There is an open door here.
f - 4 scrolls labelled DEHUXIA DAWOTZE (gained 1)
A giant cockroach comes into view.
You hit the giant cockroach. You freeze the giant cockroach.
You kill the giant cockroach!
No target in view!
Found a stone staircase leading down.
Found a pair of boots.
A wyvern comes into view.
The wyvern hisses angrily.
The wyvern hisses menacingly.
You hit the wyvern. You freeze the wyvern.
The wyvern is moderately wounded.
The wyvern bites you. The wyvern bites you!
You hit the wyvern but do no damage.
The wyvern is moderately wounded.
The wyvern bites you.
The wyvern bites you but does no damage.
The wyvern attacks as you move away! The wyvern bites you!
* * * LOW HITPOINT WARNING * * *
The wyvern misses you. The wyvern misses you.
The wyvern attacks as you move away! You block the wyvern's attack.
The wyvern closely misses you. The wyvern bites you.
You die...

#..#...♣ #..#...♣
#########>.###.♣# #
#.......#.......♣ #.
#.......#....#.... #..
#.......#....#.... +....
#.......#....#....
#.....#.l.....#....#....
.##+#.....#@####.##..###....
......<........#.##..# ....#
...............#.....+ ....#
..............#.....#
..............#.....#
#..........#.....#
#..........##+####
###†######..^.....
#.......#........


You could see a wyvern.

Vanquished Creatures
  An iguana (D:3)
  Terence (D:3)
  Robin (D:3)
  4 adders
  A worm (D:2)
  2 dart slugs (D:3)
  2 orcs
  7 endoplasms
  A giant cockroach (D:4)
  12 goblins
  11 hobgoblins
  A jackal (D:2)
  5 quokkas (D:2)
  5 ball pythons
  4 bats
  3 frilled lizards
  3 kobolds
  6 rats
70 creatures vanquished.

Notes
Turn   | Place    | Note
-------+----------+-------------------------------------------
     0 | D:1      | Reached skill level 10 in Axes
     0 | D:1      | Kranky the Gnoll Wanderer began the quest for the Orb.
     0 | D:1      | Kranky set off with the following items: a +0 war axe, a
                  | wand of flame (3), a potion of heal wounds, a +0 leather
                  | armour; and the following spell memorised: Sting; and the
                  | following spells available to memorise: Spider Form.
     0 | D:1      | Reached XP level 1. HP: 13/13 MP: 8/8
   231 | D:1      | Reached XP level 2. HP: 19/19 MP: 10/10
   684 | D:1      | Reached XP level 3. HP: 25/25 MP: 11/11
   717 | D:1      | Found a faded altar of an unknown god.
   960 | D:2      | Reached skill level 1 in Invocations
  1136 | D:2      | Found Nenkeux's Antique Armour Shop.
  1554 | D:3      | Reached skill level 1 in Fighting
  1554 | D:3      | Reached skill level 1 in Short Blades
  1554 | D:3      | Reached skill level 1 in Long Blades
  1554 | D:3      | Reached skill level 1 in Maces & Flails
  1554 | D:3      | Reached skill level 1 in Polearms
  1554 | D:3      | Reached skill level 1 in Staves
  1554 | D:3      | Reached skill level 1 in Ranged Weapons
  1554 | D:3      | Reached skill level 1 in Throwing
  1554 | D:3      | Reached skill level 1 in Armour
  1554 | D:3      | Reached skill level 1 in Dodging
  1554 | D:3      | Reached skill level 1 in Stealth
  1554 | D:3      | Reached skill level 1 in Shields
  1554 | D:3      | Reached skill level 1 in Unarmed Combat
  1647 | D:3      | Noticed Terence
  2002 | D:3      | Noticed Sigmund
  2062 | D:3      | Noticed Robin
  2164 | D:2      | Reached XP level 4. HP: 26/32 MP: 13/13
  2464 | D:2      | Reached skill level 1 in Conjurations
  2464 | D:2      | Reached skill level 1 in Hexes
  2464 | D:2      | Reached skill level 1 in Summonings
  2464 | D:2      | Reached skill level 1 in Necromancy
  2464 | D:2      | Reached skill level 1 in Translocations
  2464 | D:2      | Reached skill level 1 in Transmutations
  2464 | D:2      | Reached skill level 1 in Fire Magic
  2464 | D:2      | Reached skill level 1 in Ice Magic
  2464 | D:2      | Reached skill level 1 in Air Magic
  2464 | D:2      | Reached skill level 1 in Earth Magic
  2464 | D:2      | Reached skill level 1 in Poison Magic
  2657 | D:3      | Killed Robin
  2692 | D:3      | Killed Terence
  2718 | D:3      | Reached XP level 5. HP: 37/37 MP: 14/14
  3833 | D:4      | Noticed a wyvern
  3845 | D:4      | HP: 1/37 [wyvern (12)]
  3851 | D:4      | Slain by a wyvern

Illustrated notes

Levels and vault maps discovered:
D:1:      grunt_arrival_crossed_arrows, layout_rooms,
          hellmonk_ecumenical_altar_inner_sanctum
D:2:      layout_rooms, serial_shops, nicolae_shop_crystal
D:3:      layout_loops_ring, minmay_bisected, uniq_terence, uniq_sigmund,
          uniq_robin
D:4:      layout_gridville, kennysheep_mini, minmay_temple_entry_proselytizer,
          minmay_stone_trees_medium

Skill      XL: |  1  2  3  4 |
---------------+-------------+-----
Axes           | | 10.5
Invocations    | 1 |  1.8
Fighting       | 1 |  1.6
Short Blades   | 1 |  1.6
Long Blades    | 1 |  1.6
Maces & Flails | 1 |  1.6
Polearms       | 1 |  1.6
Staves         | 1 |  1.6
Ranged Weapons | 1 |  1.6
Throwing       | 1 |  1.6
Armour         | 1 |  1.6
Dodging        | 1 |  1.6
Stealth        | 1 |  1.6
Shields        | 1 |  1.6
Unarmed Combat | 1 |  1.6
Conjurations   | 1 |  1.3
Hexes          | 1 |  1.3
Summonings     | 1 |  1.3
Necromancy     | 1 |  1.3
Translocations | 1 |  1.3
Transmutations | 1 |  1.3
Fire Magic     | 1 |  1.3
Ice Magic      | 1 |  1.3
Air Magic      | 1 |  1.3
Earth Magic    | 1 |  1.3
Poison Magic   | 1 |  1.3
Spellcasting   | |  7.3
Evocations     | |  4.8

Action                   |  1- 3 |  4- 6 || total
-------------------------+-------+-------++-------
Melee: War axe           |    98 |    47 ||   145
       Bite              |     6 |     6 ||    12
       Falchion          |       |    44 ||    44
Throw: Dart              |       |     4 ||     4
 Cast: Sting             |     4 |       ||     4
Armor: Leather armour    |     4 |       ||     4
       Ring mail         |    21 |       ||    21
       Chain mail        |    13 |    52 ||    65
Dodge: Dodged            |    66 |    45 ||   111
Block: Buckler           |     3 |     8 ||    11
